 Dungeon Crawl Stone Soup version 0.26-a0-683-g5206c1d7ac (webtiles) character file.

Game seed: 11113747435741705837

125 grandjackal the Magician (level 4, 0/34 HPs)
             Began as a Demonspawn Hedge Wizard on Oct 22, 2020.
             Succumbed to an adder's poison
             ... on level 3 of the Dungeon.
             The game lasted 00:03:42 (2463 turns).

grandjackal the Magician (Demonspawn Hedge Wizard)  Turns: 2463, Time: 00:03:43

Health: 0/34       AC:  2    Str: 16    XL:     4   Next: 82%
Magic:  1/8        EV: 12    Int: 16    God:
Gold:   175        SH:  0    Dex: 13    Spells: 0/9 levels left

rFire    . . .     SeeInvis .   k - +1 dagger (elec)
rCold    . . .     Faith    .   (no shield)
rNeg     . . .     Spirit   .   b - +0 robe
rPois    .         Reflect  .   c - +0 hat
rElec    .         Harm     .   (no cloak)
rCorr    .         Rampage  .   (no gloves)
MR       .....                  (no boots)
Stlth    ++........             (no amulet)
HPRegen  0.11/turn              (no ring)
MPRegen  0.11/turn              h - +6 ring of strength

@: lethally poisoned (0 -> -13), very slightly contaminated
A: horns 1
a: no special abilities


You were on level 3 of the Dungeon.
You visited 1 branch of the dungeon, and saw 3 of its levels.

You collected 175 gold pieces.

Inventory:

Hand Weapons
 k - a +1 dagger of electrocution (weapon)
 n - a +0 short sword of venom
Armour
 b - a +0 robe (worn)
 c - a +0 hat (worn)
 e - a +0 scale mail
 p - a +0 pair of boots
Jewellery
 f - an uncursed ring of fire
 h - a +6 ring of strength (right hand)
Scrolls
 g - a scroll of blinking {unknown}
 j - a scroll of random uselessness {unknown}
 l - a scroll of remove curse {unknown}
 m - a scroll of fog {unknown}
 o - a scroll of amnesia {unknown}
Potions
 a - a potion of resistance {unknown}
 d - 3 potions of curing
 i - a potion of stabbing


   Skills:
 + Level 2.4 Fighting
 + Level 2.1 Armour
 - Level 1.7 Dodging
 - Level 1.7 Stealth
 - Level 3.0 Spellcasting
 + Level 2.8 Conjurations
   Level 1.0 Summonings
 - Level 0.8 Translocations


You couldn't memorise any spells.
You knew the following spells:

 Your Spells              Type           Power        Failure   Level
a - Magic Dart            Conj           ##..         6%          1
b - Blink                 Tloc           N/A          21%         2
c - Conjure Flame         Conj/Fire      #.......     30%         3
d - Mephitic Cloud        Conj/Pois/Air  #.......     36%         3

Your spell library contained the following spells:

 Spells                   Type           Power        Failure   Level
 Call Imp                 Summ           #.......     19%         2
 Slow                     Hex            #.......     28%         2


Dungeon Overview and Level Annotations

Branches:
Dungeon (3/15)

Altars:
Kikubaaqudgha


Innate Abilities, Weirdness & Mutations

You have a pair of small horns on your head.


Message History

Casting: Magic Dart (safe; 6% risk of failure)
Confirm with . or Enter, or press ? or * to list all spells.
Aiming: Magic Dart (safe; 6% risk of failure)
Press: ? - help, Shift-Dir - straight line, f/p - orc
Aim: an orc, wielding a +0 trident (almost dead)
You miscast Magic Dart.
You are very lightly contaminated with residual magic.
Nothing appears to happen.
* * * LOW HITPOINT WARNING * * *
You feel sick. The orc misses you. The adder bites you.
* * * LOW HITPOINT WARNING * * *
Unknown command.
Casting: Magic Dart (safe; 6% risk of failure)
Confirm with . or Enter, or press ? or * to list all spells.
Aiming: Magic Dart (safe; 6% risk of failure)
Press: ? - help, Shift-Dir - straight line, f/p - orc
Aim: an orc, wielding a +0 trident (almost dead)
The magic dart hits the adder.
You kill the adder!
You die...

.......#.#>#............
........#.#....#.#...##
#.......#.#............
o.#.##...................
......†..........#.....[
..#.#...o####.##.##....#
..........# #...........
....#..).####.........#
#.# #.....o†@....##...#
.........#####.#.....
........# .#####
.........# .# .........#
.......... .###.#.)#
#.#..


You could see an orc.

Vanquished Creatures
  Natasha (D:3)
  4 adders
  An ooze (D:2)
  2 worms (D:2)
  2 dart slugs
  A leopard gecko (D:1)
  A giant cockroach (D:2)
  7 goblins
  4 hobgoblins (D:2)
  2 jackals (D:1)
  8 bats
  2 frilled lizards
  15 kobolds
  2 rats
52 creatures vanquished.

Vanquished Creatures (others)
  A human (D:2)
1 creature vanquished.

Grand Total: 53 creatures vanquished

Notes
Turn   | Place    | Note
-------+----------+-------------------------------------------
     0 | D:1      | grandjackal the Demonspawn Hedge Wizard began the quest for
                  | the Orb.
     0 | D:1      | Reached XP level 1. HP: 13/13 MP: 4/4
   334 | D:1      | Reached skill level 1 in Fighting
   334 | D:1      | Gained mutation: You have a pair of small horns on your
                  | head. [demonic ancestry]
   334 | D:1      | Reached XP level 2. HP: 21/21 MP: 3/6
   721 | D:2      | Reached skill level 1 in Armour
   725 | D:2      | Learned a level 2 spell: Blink
   775 | D:2      | Reached XP level 3. HP: 21/26 MP: 7/7
   923 | D:2      | Learned a level 3 spell: Conjure Flame
  1478 | D:2      | Found an ancient bone altar of Kikubaaqudgha.
  1521 | D:2      | Noticed a human
  1523 | D:2      | Killed a human
  1694 | D:2      | Reached XP level 4. HP: 27/33 MP: 1/8
  2216 | D:2      | Learned a level 3 spell: Mephitic Cloud
  2382 | D:3      | Noticed Natasha
  2386 | D:3      | Killed Natasha
  2462 | D:3      | HP: 1/34 [adder (4)]
  2463 | D:3      | Succumbed to an adder's poison

Illustrated notes

Levels and vault maps discovered:
D:1:      minmay_arrival_split_and_join, layout_basic
D:2:      minmay_kobold_bridge, layout_basic, tgw_kikubaaqudgha
D:3:      layout_basic, grunt_temple_overflow_lords_of_destruction,
          uniq_grinder, uniq_natasha, uniq_ijyb

Skill      XL: |  1  2  3  4 |
---------------+-------------+-----
Fighting       | 1 2 |  2.4
Armour         | 1 2 |  2.1
Conjurations   | 2 |  2.8
Dodging        | |  1.7
Stealth        | |  1.7
Spellcasting   | |  3.0
Summonings     | |  1.0
Translocations | |  0.8

Action                   |  1- 3 |  4- 6 || total
-------------------------+-------+-------++-------
Melee: Dagger            |    57 |    19 ||    76
       Headbutt          |     9 |     2 ||    11
 Cast: Magic Dart        |    52 |    18 ||    70
  Use: Scroll            |       |     3 ||     3
 Stab: Sleeping          |     2 |     1 ||     3
Armor: Robe              |    14 |     3 ||    17
Dodge: Dodged            |    42 |    21 ||    63

Table legend: (Time is in decaauts)
 A = Elapsed time spent in this place.
 B = Non-inter-level travel time spent in this place.
 C = Inter-level travel time spent in this place.
 D = Time resting spent in this place.
 E = Time spent auto-exploring this place.
 F = Levels seen in this place.
 G = Mean time per level.
                   A        B        C        D        E       F      G
               +--------+--------+--------+--------+--------+-----+--------+
         Total |   2460 |   2399 |     61 |    431 |   1482 |   3 |  820.0 |
       Dungeon |   2460 |   2399 |     61 |    431 |   1482 |   3 |  820.0 |
               +--------+--------+--------+--------+--------+-----+--------+

Top non-repeatable levels by time:
     D:2: 1545 daAuts
     D:1: 707 daAuts
     D:3: 207 daAuts
